 Dungeon Crawl Stone Soup version 0.30-a0-972-gf3ab3527aa (webtiles) character file.

Game seed: 6374385813537826647

959 NinjaNoafa the Magician (level 7, -7/50 HPs)
             Began as a Yellow Draconian Conjurer on Mar 31, 2023.
             Mangled by an orc warrior
             ... wielding a +0 mace
              (14 damage)
             ... on level 6 of the Dungeon.
             The game lasted 00:06:58 (4156 turns).

NinjaNoafa the Magician (Yellow Draconian Conjurer) Turns: 4156, Time: 00:06:59

Health: -7/50      AC:  6    Str:  9    XL:     7   Next: 91%
Magic:  0/25       EV: 12    Int: 20    God:
Gold:   140        SH:  0    Dex: 16    Spells: 16/19 levels left

rFire   . . .      SeeInvis .    a - staff of earth
rCold   . . .      Faith    .    (no shield)
rNeg    . . .      Spirit   .    (body armour unavailable)
rPois   .          Reflect  .    (helmet restricted)
rElec   .          Rampage  .    (no cloak)
rCorr   +                        (no gloves)
Will    .....                    (no boots)
Stlth   ++                       i - amulet of regeneration
HPRegen 1.08/turn                r - ring of magical power
MPRegen 0.19/turn                x - +6 ring of dexterity

@: short of breath
A: spit acid, AC +6, unfitting armour, cold-blooded, acid resistance
a: Breathe Acid


You were on level 6 of the Dungeon.
You visited 1 branch of the dungeon, and saw 6 of its levels.

You collected 185 gold pieces.
You spent 45 gold pieces at shops.

Inventory:

Hand Weapons
 b - a +0 dagger
Magical Staves
 a - a staff of earth (weapon)
Jewellery
 i - an amulet of regeneration (around neck)
 r - a ring of magical power (left hand)
 x - a +6 ring of dexterity (right hand)
 D - a ring of fire
Wands
 v - a wand of quicksilver (8)
 B - a wand of iceblast (9)
Scrolls
 c - 2 scrolls of fear {unknown}
 e - 3 scrolls of enchant weapon {unknown}
 f - a scroll of blinking {unknown}
 j - a scroll of butterflies {unknown}
 k - 4 scrolls of poison {unknown}
 l - a scroll of magic mapping {unknown}
 o - 5 scrolls of teleportation
 p - a scroll of torment {unknown}
 q - 2 scrolls of amnesia {unknown}
 t - 4 scrolls of identify {unknown}
 y - a scroll of fog {unknown}
 z - a scroll of enchant armour {unknown}
 A - a scroll of acquirement {unknown}
Potions
 d - 2 potions of resistance {unknown}
 g - 2 potions of curing {unknown}
 h - 2 potions of attraction {unknown}
 m - a potion of ambrosia {unknown}
 n - 3 potions of brilliance {unknown}
 s - 4 potions of degeneration {unknown}
 u - 2 potions of lignification {unknown}
 w - 3 potions of magic
 C - 2 potions of might {unknown}


   Skills:
 - Level 1.7 Dodging
 - Level 1.7 Stealth
 + Level 6.6 Spellcasting
 + Level 5.8 Conjurations
 + Level 2.7 Translocations
 + Level 2.3 Earth Magic


You had 16 spell levels left.
You knew the following spells:

 Your Spells              Type           Power      Damage    Failure   Level
a - Magic Dart            Conj           100%       1d8       1%          1
b - Searing Ray           Conj           60%        2d6       1%          2

Your spell library contained the following spells:

 Spells                   Type           Power      Damage    Failure   Level
 Sandblast                Erth           48%        2d12      3%          1
 Shock                    Conj/Air       72%        1d7       3%          1
 Lesser Beckoning         Tloc           34%        N/A       4%          2
 Stone Arrow              Conj/Erth      68%        3d11      5%          3
 Passwall                 Tmut/Erth      14%        N/A       9%          2
 Dazzling Flash           Conj/Hex       36%        N/A       9%          3
 Gell's Gravitas          Tloc           17%        N/A       10%         3
 Teleport Other           Tloc           17%        N/A       10%         3
 Iskenderun's Mystic Bla  Conj/Tloc      23%        2d6       17%         4
 Fulminant Prism          Conj/Hex       9%         3d6       28%         4
 Swiftness                Air            6%         N/A       30%         3
 Airstrike                Air            3%         2d(1-17)  69%         4


Dungeon Overview and Level Annotations

Branches:
Dungeon (6/15)
 Temple: D:4-7

Altars:
Hepliaklqana
Wu Jian
Xom
Zin

Shops:
D:5 **

Annotations:
D:6 1 runed translucent door, Crazy Yiuf


Innate Abilities, Weirdness & Mutations

You can spit globs of acid.
Your golden yellow scales are hard. (AC +6)
You cannot fit into any form of body armour.
You are cold-blooded and may be slowed by cold attacks.
You are resistant to acid. (rCorr)


Message History

The orc priest invokes the aid of Beogh against you.
Beogh smites you!
Casting: Searing Ray (safe; 1% risk of failure)
Confirm with . or Enter, or press ? or * to list all spells.
Aiming: Searing Ray (safe; 1% risk of failure)
Press: ? - help, Shift-Dir - straight line, f/p - orc warrior
Aim: an orc warrior, wielding a +0 mace and wearing a +0 plate armour (heavily wounded, 79% to hit)
The searing ray hits the orc warrior but does no damage.
The orc warrior is heavily wounded.
The searing ray misses the orc priest. (Press . to maintain the ray.)
The orc warrior hits you with a +0 mace.
The searing ray hits the orc warrior!
The orc warrior is severely wounded.
The searing ray hits the orc priest.
The orc priest is almost dead.
The orc warrior hits you with a +0 mace!
* * * LOW HITPOINT WARNING * * *
The searing ray misses the orc warrior.
The searing ray hits the orc priest.
You kill the orc priest!
The orc warrior hits you with a +0 mace!
* * * LOW HITPOINT WARNING * * *
The searing ray hits the orc warrior.
The orc warrior is severely wounded.
You finish channelling your searing ray.
The orc warrior hits you with a +0 mace.
* * * LOW HITPOINT WARNING * * *
Casting: Searing Ray (safe; 1% risk of failure)
Confirm with . or Enter, or press ? or * to list all spells.
Aiming: Searing Ray (safe; 1% risk of failure)
Press: ? - help, Shift-Dir - straight line, f/p - orc warrior
Aim: an orc warrior, wielding a +0 mace and wearing a +0 plate armour (severely wounded, 79% to hit)
The searing ray hits the orc warrior but does no damage.
The orc warrior is severely wounded. (Press . to maintain the ray.)
The orc warrior hits you with a +0 mace.
* * * LOW HITPOINT WARNING * * *
The orc warrior attacks as you move away!
The orc warrior hits you with a +0 mace!
You die...

#.# #.# ##.#
..### ....
########.###
.o...?.....# ##.
.#######)#.#...#
#..@o)....)..
#.###..##..## #.
#†## ..
#.#..##.###.##
......#.....## .
....#.###...###..
...#.# #.#.......
#..#.# #.#.......
#
#..#.###.†.###..#


You could see an orc warrior.

Vanquished Creatures
  2 sky beasts (D:6)
  An ice beast (D:6)
  2 scorpions
  A howler monkey (D:6)
  A jelly (D:5)
  2 hounds
  A gnoll bouda (D:4)
  3 orc priests
  3 iguanas
  A sleepcap (D:5)
  4 gnolls (D:4)
  8 adders
  A white imp (D:5)
  2 ufetubi
  2 dart slugs
  2 worms (D:4)
  6 orcs
  4 endoplasms
  6 giant cockroaches
  7 hobgoblins
  4 jackals (D:4)
  3 kobolds
  7 ball pythons
  7 bats
  3 frilled lizards
  5 goblins
  4 rats
92 creatures vanquished.

Notes
Turn   | Place    | Note
-------+----------+-------------------------------------------
     0 | D:1      | NinjaNoafa the Draconian Conjurer began the quest for the
                  | Orb.
     0 | D:1      | Reached XP level 1. HP: 14/14 MP: 3/3
    95 | D:1      | Found a faded altar of an unknown god.
   238 | D:1      | Reached XP level 2. HP: 20/20 MP: 1/5
   241 | D:1      | Learned a level 2 spell: Searing Ray
   850 | D:2      | Reached skill level 5 in Conjurations
   850 | D:2      | Reached XP level 3. HP: 26/26 MP: 2/6
   881 | D:2      | Found an ornate altar of the Wu Jian Council.
  1457 | D:2      | Reached skill level 3 in Spellcasting
  1535 | D:3      | Reached XP level 4. HP: 33/33 MP: 8/8
  2421 | D:4      | Reached skill level 4 in Spellcasting
  2421 | D:4      | Reached XP level 5. HP: 38/38 MP: 11/11
  2867 | D:4      | Reached skill level 5 in Spellcasting
  2880 | D:4      | Reached XP level 6. HP: 14/45 MP: 5/13
  2978 | D:4      | Found a hazy altar of Hepliaklqana.
  2979 | D:4      | Found a glowing silver altar of Zin.
  3168 | D:5      | Entered Level 5 of the Dungeon
  3168 | D:5      | Found Glimas's Goods Gallery.
  3275 | D:5      | Reached skill level 6 in Spellcasting
  3402 | D:5      | Found Jiunkaive's General Store.
  3411 | D:5      | Bought a scroll of teleportation for 45 gold pieces
  3600 | D:5      | Reached skill level 1 in Translocations
  3707 | D:5      | Found a shimmering altar of Xom.
  3757 | D:5      | Noticed a water moccasin
  3897 | D:5      | Your scales start taking on a golden yellow colour.
  3897 | D:5      | Reached XP level 7. HP: 50/50 MP: 16/16
  3897 | D:5      | Gained mutation: You are resistant to acid. (rCorr) [Yellow
                  | Draconian growth]
  3934 | D:6      | Reached skill level 1 in Earth Magic
  4004 | D:6      | Found a runed translucent door.
  4005 | D:6      | Noticed Crazy Yiuf
  4156 | D:6      | Mangled by an orc warrior

Illustrated notes

Levels and vault maps discovered:
D:1:      lightli_arrival_statue_moat, layout_loops_ring,
          hellmonk_ecumenical_altar_prayer_group, solitary_fountain,
          minmay_heptomino_h4
D:2:      layout_basic, basic_altar, nrook_uturn
D:3:      layout_loops_ring
D:4:      layout_basic, gammafunk_temple_overflow_pools
D:5:      layout_loops_ring, overflow_temple_1_default, serial_shops, shop,
          nicolae_alphabet_shops, kennysheep_flooded_box
D:6:      layout_loops_ring, palyth_stone_intersect, minivault_1,
          uniq_crazy_yiuf_cottage

Skill      XL: |  1  2  3  4  5  6  7 |
---------------+----------------------+-----
Conjurations   | 5 |  5.8
Spellcasting   | 3 4 5 6 |  6.6
Translocations | 1 2 |  2.7
Earth Magic    | 2 |  2.3
Dodging        | |  1.7
Stealth        | |  1.7

Action                     |  1- 3 |  4- 6 |  7- 9 || total
---------------------------+-------+-------+-------++-------
  Melee: Dagger            |    10 |     4 |       ||    14
   Cast: Magic Dart        |    33 |    26 |       ||    59
         Searing Ray       |    10 |    43 |    13 ||    66
Ability: Breathe Acid      |       |       |     5 ||     5
   Stab: Sleeping          |     1 |       |       ||     1
 Armour: Skin              |     7 |    14 |     2 ||    23
  Dodge: Dodged            |     8 |    30 |    15 ||    53

Table legend: (Time is in decaauts)
 A = Elapsed time spent in this place.
 B = Non-inter-level travel time spent in this place.
 C = Inter-level travel time spent in this place.
 D = Time resting spent in this place.
 E = Time spent auto-exploring this place.
 F = Levels seen in this place.
 G = Mean time per level.
                   A        B        C        D        E       F      G
               +--------+--------+--------+--------+--------+-----+--------+
         Total |   4155 |   3751 |    404 |      6 |   3095 |   6 |  692.5 |
       Dungeon |   4155 |   3751 |    404 |      6 |   3095 |   6 |  692.5 |
               +--------+--------+--------+--------+--------+-----+--------+

Top non-repeatable levels by time:
     D:2: 858 daAuts
     D:3: 857 daAuts
     D:4: 778 daAuts
     D:5: 734 daAuts
     D:1: 675 daAuts
     D:6: 250 daAuts
